BSA
BOSTON REBELS @ BAFFIN ISLAND BEAVERS
08/06/2024
 
TOP OF THE 1ST
Boston Rebels batting - Pitching for Baffin Island Beavers : RHP Thierry Garneau
Pitching: RHP Thierry Garneau
Batting: LHB Bill Wilson 0-0: Swinging Strike
0-1: Ground out 6-3 (Groundball, 6M)
Batting: SHB Álex Rosado 0-0: Called Strike
0-1: Swinging Strike
0-2: Strikes out swinging
Batting: RHB Ronnie Brown 0-0: Foul Ball, location: 2F
0-1: DOUBLE (Flyball, 89XD)
Batting: LHB Bill Wilson 0-0: Swinging Strike
0-1: Ball
1-1: Called Strike
1-2: Strikes out looking
Top of the 1st over - 0 run(s), 1 hit(s), 0 error(s), 1 left on base; Boston 0 - Baffin Island 0
BOTTOM OF THE 1ST
Baffin Island Beavers batting - Pitching for Boston Rebels : LHP Luis Valentín
Pitching: LHP Luis Valentín
Batting: RHB Bryan Sandstrom 0-0: Ball
1-0: Ball
2-0: Ball
3-0: Called Strike
3-1: Base on Balls
Batting: RHB José García 0-0: Swinging Strike
0-1: Ball
1-1: SINGLE (Groundball, 56D)
Bryan Sandstrom to second
Batting: RHB Tony Morton 0-0: Grounds into double play, 5-4-3 (Groundball, 56)
Bryan Sandstrom to third
Batting: LHB Jerry Bryan 0-0: Foul Ball, location: 2F
0-1: Swinging Strike
0-2: Strikes out swinging
Bottom of the 1st over - 0 run(s), 1 hit(s), 0 error(s), 1 left on base; Boston 0 - Baffin Island 0
TOP OF THE 2ND
Boston Rebels batting - Pitching for Baffin Island Beavers : RHP Thierry Garneau
Batting: SHB Javier Villegas 0-0: Swinging Strike
0-1: Ground out U3 (Groundball, 3L)
Batting: RHB Wilson Gómez 0-0: Foul Ball, location: 2F
0-1: Ball
1-1: Ground out 1-3 (Groundball, 13S)
Batting: LHB Lorenzo Flores 0-0: Swinging Strike
0-1: Ground out 4-3 (Groundball, 4)
Top of the 2nd over - 0 run(s), 0 hit(s), 0 error(s), 0 left on base; Boston 0 - Baffin Island 0
BOTTOM OF THE 2ND
Baffin Island Beavers batting - Pitching for Boston Rebels : LHP Luis Valentín
Batting: LHB Jeff Cole 0-0: Ball
1-0: Foul Ball, location: 2F
1-1: Swinging Strike
1-2: Strikes out swinging
Batting: RHB Naomichi Aoki 0-0: Fly out, F3 (Popup, 3SF)
Batting: RHB Mario López 0-0: Swinging Strike
0-1: Ball
1-1: Ball
2-1: SINGLE (Line Drive, 78S)
Batting: LHB Keng-chi Lao 0-0: Called Strike
0-1: Ball
1-1: Ball
2-1: Ball
3-1: Foul Ball, location: 2F
3-2: Foul Ball, location: 2F
3-2: Foul Ball, location: 2F
3-2: Foul Ball, location: 2F
3-2: Base on Balls
Mario López to second
Batting: RHB Bill Mark 0-0: Ball
1-0: Called Strike
1-1: Ball
2-1: Ground out 6-3 (Groundball, 56)
Bottom of the 2nd over - 0 run(s), 1 hit(s), 0 error(s), 2 left on base; Boston 0 - Baffin Island 0
TOP OF THE 3RD
Boston Rebels batting - Pitching for Baffin Island Beavers : RHP Thierry Garneau
Batting: LHB Tony Ramírez 0-0: Called Strike
0-1: DOUBLE (Line Drive, 3L)
Batting: RHB Rubén Matos 0-0: Foul Ball, location: 2F
0-1: Ball
1-1: Swinging Strike
1-2: Fly out, F8 (Flyball, 8LS)
Batting: LHB Bill Wilson 0-0: Called Strike
0-1: Ground out 6-3 (Groundball, 6)
Batting: SHB Álex Rosado 0-0: Ball
1-0: Ball
2-0: Swinging Strike
2-1: SINGLE (Groundball, 15) (infield hit)
Tony Ramírez to third
Batting: RHB Ronnie Brown 0-0: Ball
1-0: SINGLE (Line Drive, 89S)
Tony Ramírez scores
Álex Rosado to second
Runner from 2nd tries for 3rd, SAFE, throw made to third
Batting: LHB Bill Wilson 0-0: Fly out, F9 (Flyball, 9M)
Top of the 3rd over - 1 run(s), 3 hit(s), 0 error(s), 2 left on base; Boston 1 - Baffin Island 0
BOTTOM OF THE 3RD
Baffin Island Beavers batting - Pitching for Boston Rebels : LHP Luis Valentín
Batting: RHB Bryan Sandstrom 0-0: Ball
1-0: Ball
2-0: Ball
3-0: Called Strike
3-1: Ground out 4-3 (Groundball, 4M)
Batting: RHB José García 0-0: Ground out 6-3 (Groundball, 6M)
Batting: RHB Tony Morton 0-0: Ball
1-0: Ground out 5-3 (Groundball, 5)
Bottom of the 3rd over - 0 run(s), 0 hit(s), 0 error(s), 0 left on base; Boston 1 - Baffin Island 0
TOP OF THE 4TH
Boston Rebels batting - Pitching for Baffin Island Beavers : RHP Thierry Garneau
Batting: SHB Javier Villegas 0-0: Ball
1-0: Foul Ball, location: 2F
1-1: SOLO HOME RUN (Flyball, 78XD), Distance : 470 ft
Batting: RHB Wilson Gómez 0-0: Ball
1-0: Ball
2-0: Ball
3-0: Base on Balls
Batting: LHB Lorenzo Flores 0-0: Ball
1-0: Ball
2-0: Called Strike
2-1: Ball
3-1: DOUBLE (Line Drive, 89XD)
Wilson Gómez to third
Batting: LHB Tony Ramírez 0-0: Ball
1-0: Called Strike
1-1: Ball
2-1: Ball
3-1: Base on Balls
Batting: RHB Rubén Matos 0-0: Ball
1-0: Foul Ball, location: 2F
1-1: Fly out, F8 (Flyball, 89D)
Runner from 3rd tags up, SCORES, no throw
Batting: LHB Bill Wilson 0-0: SINGLE (Groundball, 2L) (infield hit)
Lorenzo Flores to third
Tony Ramírez to second
Batting: SHB Álex Rosado 0-0: Ball
1-0: Called Strike
1-1: Ball
2-1: Fly out, F6 (Popup, 56D)
Batting: RHB Ronnie Brown 0-0: Ball
1-0: Foul Ball, location: 2F
1-1: Fly out, F3 (Line Drive, 3S)
Top of the 4th over - 2 run(s), 3 hit(s), 0 error(s), 3 left on base; Boston 3 - Baffin Island 0
BOTTOM OF THE 4TH
Baffin Island Beavers batting - Pitching for Boston Rebels : LHP Luis Valentín
Batting: LHB Jerry Bryan 0-0: Ball
1-0: Ball
2-0: Foul Ball, location: 2F
2-1: DOUBLE (Groundball, 3L)
Batting: LHB Jeff Cole 0-0: Fly out, F7 (Flyball, 78M)
Batting: RHB Naomichi Aoki 0-0: Ball
1-0: Swinging Strike
1-1: Foul Ball, location: 2F
1-2: Ground out 4-3 (Groundball, 4M)
Jerry Bryan to third
Batting: RHB Mario López 0-0: Ball
1-0: Ball
2-0: Ball
3-0: Called Strike
3-1: Foul Ball, location: 2F
3-2: Base on Balls
Batting: LHB Keng-chi Lao 0-0: Ball
1-0: SINGLE (Groundball, 34D)
Jerry Bryan scores
Mario López to second
Runner from 2nd tries for 3rd, SAFE, no throw or cutoff
Batting: RHB Bill Mark 0-0: Foul Ball, location: 2F
0-1: Foul Ball, location: 2F
0-2: Ball
1-2: Ball
2-2: Strikes out swinging
Bottom of the 4th over - 1 run(s), 2 hit(s), 0 error(s), 2 left on base; Boston 3 - Baffin Island 1
TOP OF THE 5TH
Boston Rebels batting - Pitching for Baffin Island Beavers : RHP Thierry Garneau
Batting: LHB Bill Wilson 0-0: Ball
1-0: Ball
2-0: Foul Ball, location: 2F
2-1: Ball
3-1: Called Strike
3-2: Fly out, F8 (Flyball, 8LM)
Batting: SHB Javier Villegas 0-0: Called Strike
0-1: Foul Ball, location: 2F
0-2: Ball
1-2: Strikes out swinging
Batting: RHB Wilson Gómez 0-0: SINGLE (Groundball, 4MD)
Batting: LHB Lorenzo Flores 0-0: Foul Ball, location: 2F
0-1: Ball
1-1: Ground out U3 (Groundball, 3S)
Top of the 5th over - 0 run(s), 1 hit(s), 0 error(s), 1 left on base; Boston 3 - Baffin Island 1
BOTTOM OF THE 5TH
Baffin Island Beavers batting - Pitching for Boston Rebels : LHP Luis Valentín
Batting: RHB Bryan Sandstrom 0-0: Ball
1-0: Foul Ball, location: 2F
1-1: Fly out, F3 (Popup, 3SF)
Batting: RHB José García 0-0: Ball
1-0: Ball
2-0: Foul Ball, location: 2F
2-1: SINGLE (Groundball, 56)
Batting: RHB Tony Morton 0-0: Ball
1-0: Called Strike
1-1: Ball
2-1: Ball
3-1: Foul Ball, location: 2F
3-2: SINGLE (Groundball, 4MD)
José García to second
Batting: LHB Jerry Bryan 0-0: Ball
1-0: Called Strike
1-1: Foul Ball, location: 2F
1-2: Ball
2-2: Strikes out swinging
Batting: LHB Jeff Cole 0-0: Foul Ball, location: 2F
0-1: Ball
1-1: Foul Ball, location: 2F
1-2: Ball
2-2: Foul Ball, location: 2F
2-2: Ball
3-2: Base on Balls
José García to third
Tony Morton to second
Batting: RHB Naomichi Aoki 0-0: Called Strike
0-1: Swinging Strike
0-2: Foul Ball, location: 2F
0-2: Ball
1-2: Ball
2-2: GRAND SLAM HOME RUN (Flyball, 78XD), Distance : 465 ft
Batting: RHB Mario López 0-0: Foul Ball, location: 2F
0-1: Ball
1-1: Ground out 4-3 (Groundball, 4M)
Bottom of the 5th over - 4 run(s), 3 hit(s), 0 error(s), 0 left on base; Boston 3 - Baffin Island 5
TOP OF THE 6TH
Boston Rebels batting - Pitching for Baffin Island Beavers : RHP Thierry Garneau
Batting: LHB Tony Ramírez 0-0: Swinging Strike
0-1: Ball
1-1: Swinging Strike
1-2: Ball
2-2: Ground out 1-3 (Groundball, 13)
Batting: RHB Rubén Matos 0-0: Ground out 6-3 (Groundball, 6)
Batting: LHB Bill Wilson 0-0: Called Strike
0-1: Ball
1-1: Swinging Strike
1-2: Ball
2-2: Ball
3-2: DOUBLE (Line Drive, 5L)
Batting: SHB Álex Rosado 0-0: Called Strike
0-1: Ball
1-1: SINGLE (Groundball, 56D)
Bill Wilson to third
Runner from 3rd tries for Home, SAFE, no throw or cutoff
Batting: RHB Ronnie Brown 0-0: Called Strike
0-1: Ball
1-1: Ball
2-1: Ball
3-1: Swinging Strike
3-2: Fly out, F9 (Flyball, 89M)
Top of the 6th over - 1 run(s), 2 hit(s), 0 error(s), 1 left on base; Boston 4 - Baffin Island 5
BOTTOM OF THE 6TH
Baffin Island Beavers batting - Pitching for Boston Rebels : LHP Luis Valentín
Pitching: LHP António Alvarado
Batting: LHB Keng-chi Lao 0-0: Called Strike
0-1: Foul Ball, location: 2F
0-2: Ball
1-2: Ground out 4-3 (Groundball, 4)
Batting: RHB Bill Mark 0-0: SINGLE (Groundball, 23) (infield hit)
Batting: RHB Bryan Sandstrom 0-0: Ball
1-0: Called Strike
1-1: Ball
2-1: DOUBLE (Flyball, 9LM)
Bill Mark to third
Batting: RHB José García 0-0: Called Strike
0-1: Foul Ball, location: 2F
0-2: Foul Ball, location: 2F
0-2: Ball
1-2: Foul Ball, location: 2F
1-2: Ball
2-2: SINGLE (Line Drive, 6M)
Bill Mark scores
Bryan Sandstrom to third
Batting: RHB Tony Morton 0-0: Ball
1-0: Ball
2-0: Ball
Pickoff Throw to First - Out!
3-0: Called Strike
3-1: TRIPLE (Line Drive, 9LS)
Bryan Sandstrom scores
Batting: LHB Jerry Bryan 0-0: Ball
1-0: SINGLE (Line Drive, 89M)
Tony Morton scores
Pitching: RHP Lorenzo Vargas
Batting: LHB Jeff Cole 0-0: Foul Ball, location: 2F
0-1: Ball
1-1: Foul Ball, location: 2F
1-2: Foul Ball, location: 2F
1-2: Foul Ball, location: 2F
1-2: Foul Ball, location: 2F
1-2: Ball
2-2: Foul Ball, location: 2F
2-2: Ball
3-2: Fly out, F8 (Flyball, 8LS)
Bottom of the 6th over - 3 run(s), 5 hit(s), 0 error(s), 1 left on base; Boston 4 - Baffin Island 8
TOP OF THE 7TH
Boston Rebels batting - Pitching for Baffin Island Beavers : RHP Thierry Garneau
Pitching: LHP Ignacio Colón
Batting: LHB Bill Wilson 0-0: Called Strike
0-1: Called Strike
0-2: Ball
1-2: Strikes out swinging
Batting: SHB Javier Villegas 0-0: Ball
1-0: Ball
2-0: Called Strike
2-1: SOLO HOME RUN (Flyball, 7LD), Distance : 366 ft
Batting: RHB Wilson Gómez 0-0: Foul Ball, location: 2F
0-1: Ball
1-1: Ball
2-1: Ground out 4-3 (Groundball, 4)
Batting: LHB Lorenzo Flores 0-0: Called Strike
0-1: Foul Ball, location: 2F
0-2: Ball
1-2: Foul Ball, location: 2F
1-2: Foul Ball, location: 2F
1-2: Fly out, F7 (Flyball, 78D)
Top of the 7th over - 1 run(s), 1 hit(s), 0 error(s), 0 left on base; Boston 5 - Baffin Island 8
BOTTOM OF THE 7TH
Baffin Island Beavers batting - Pitching for Boston Rebels : RHP Lorenzo Vargas
Batting: RHB Naomichi Aoki 0-0: Called Strike
0-1: Ball
1-1: Ball
2-1: Foul Ball, location: 2F
2-2: Fly out, F2 (Popup, 23F)
Batting: RHB Mario López 0-0: Ball
1-0: Called Strike
1-1: Foul Ball, location: 2F
1-2: Fly out, F7 (Flyball, 78S)
Batting: LHB Keng-chi Lao 0-0: Ball
1-0: Swinging Strike
1-1: Foul Ball, location: 2F
1-2: Foul Ball, location: 2F
1-2: Foul Ball, location: 2F
1-2: Ball
2-2: Ground out 4-3 (Groundball, 4)
Bottom of the 7th over - 0 run(s), 0 hit(s), 0 error(s), 0 left on base; Boston 5 - Baffin Island 8
TOP OF THE 8TH
Boston Rebels batting - Pitching for Baffin Island Beavers : LHP Ignacio Colón
Batting: LHB Tony Ramírez 0-0: Swinging Strike
0-1: Called Strike
0-2: Foul Ball, location: 2F
0-2: Fly out, F9 (Flyball, 89D)
Batting: RHB Rubén Matos 0-0: Ball
1-0: Ball
2-0: Called Strike
2-1: Ground out 4-3 (Groundball, 4)
Batting: LHB Bill Wilson 0-0: Ground out 4-3 (Groundball, 34)
Top of the 8th over - 0 run(s), 0 hit(s), 0 error(s), 0 left on base; Boston 5 - Baffin Island 8
BOTTOM OF THE 8TH
Baffin Island Beavers batting - Pitching for Boston Rebels : RHP Lorenzo Vargas
Batting: RHB Bill Mark 0-0: Foul Ball, location: 2F
0-1: Fly out, F7 (Flyball, 78XD)
Batting: RHB Bryan Sandstrom 0-0: Ball
1-0: Ground out U3 (Groundball, 3S)
Batting: RHB José García 0-0: Ball
1-0: Swinging Strike
1-1: Swinging Strike
1-2: Ball
2-2: Strikes out swinging
Bottom of the 8th over - 0 run(s), 0 hit(s), 0 error(s), 0 left on base; Boston 5 - Baffin Island 8
TOP OF THE 9TH
Boston Rebels batting - Pitching for Baffin Island Beavers : LHP Ignacio Colón
Pitching: LHP Manny Sandoval
Batting: SHB Álex Rosado 0-0: Called Strike
0-1: Ball
1-1: Swinging Strike
1-2: Strikes out swinging
Batting: RHB Ronnie Brown 0-0: Ball
1-0: Called Strike
1-1: Ball
2-1: Ground out 5-3 (Groundball, 56)
Batting: LHB Bill Wilson 0-0: Ball
1-0: Ball
2-0: Swinging Strike
2-1: Foul Ball, location: 2F
2-2: Foul Ball, location: 2F
2-2: Strikes out swinging
Top of the 9th over - 0 run(s), 0 hit(s), 0 error(s), 0 left on base; Boston 5 - Baffin Island 8
This league is powered by Out of the Park Baseball, the baseball management simulation game for PC, Mac and Linux
Saturday, April 9th, 2016 - OOTP Baseball 16.8 Build 38